 Dungeon Crawl Stone Soup version 0.29.0-7-g18a832c13a (webtiles) character file.

Game seed: 15500265624301656559

41 adizb the Trooper (level 3, -5/29 HPs)
             Began as a Demonspawn Gladiator on Aug 30, 2022.
             Was an Initiate of Gozag.
             Slain by Terence
             ... wielding a +0 falchion
              (6 damage)
             ... on level 2 of the Dungeon.
             The game lasted 00:05:19 (1183 turns).

adizb the Trooper (Demonspawn Gladiator)            Turns: 1183, Time: 00:05:20

Health: -5/29      AC:  4    Str: 14    XL:     3   Next: 32%
Magic:  4/4        EV: 12    Int: 11    God:    Gozag
Gold:   146        SH:  0    Dex: 16    Spells: 4/4 levels left

rFire   . . .      SeeInvis .   a - +0 flail
rCold   . . .      Faith    .   (no shield)
rNeg    . . .      Spirit   .   b - +0 leather armour
rPois   .          Reflect  .   c - +0 helmet
rElec   .          Harm     .   (no cloak)
rCorr   .          Rampage  .   (no gloves)
Will    .....                   (no boots)
Stlth   ++........              (no amulet)
HPRegen 0.09/turn               (no ring)
MPRegen 0.18/turn               (no ring)

@: studying Shields, unable to read
A: magic regeneration, thin skeletal structure 1, inability to read after injury
1
a: Renounce Religion, Potion Petition, Call Merchant, Bribe Branch


You were on level 2 of the Dungeon.
You worshipped Gozag.
Gozag was aware of your devotion.
You visited 1 branch of the dungeon, and saw 2 of its levels.

You collected 146 gold pieces.

Inventory:

Hand Weapons
 a - a +0 flail (weapon)
Missiles
 d - 3 throwing nets (quivered)
 e - a javelin
Armour
 b - a +0 leather armour (worn)
 c - a +0 helmet (worn)
Magical Staves
 f - a staff of poison
Scrolls
 g - a scroll of enchant weapon {unknown}
 i - a scroll of teleportation {unknown}
 j - a scroll of fear {unknown}
 l - a scroll of identify {unknown}
Potions
 h - a potion of mutation


   Skills:
 + Level 3.1 Fighting
 - Level 2.6 Maces & Flails
 - Level 1.7 Throwing
 - Level 3.0 Dodging
 * Level 0.3 Shields
 + Level 1.0 Spellcasting


You had 4 spell levels left.
You didn't know any spells.
Your spell library contained the following spells:

 Spells                   Type           Power      Damage    Failure   Level
 Slow                     Hex            0%         N/A       38%         1
 Confusing Touch          Hex            0%         N/A       77%         3
 Vampiric Draining        Necr           0%         2d6       77%         3


Dungeon Overview and Level Annotations

Branches:
Dungeon (2/15)

Altars:
Gozag

Annotations:
D:2 Terence


Innate Abilities, Weirdness & Mutations

You regenerate magic rapidly.
You have a somewhat thin skeletal structure. (Dex +2, Stealth+)
You occasionally lose the ability to read scrolls when taking damage.


Message History

You closely miss the ball python.
The ball python is heavily wounded.
The ball python bites you but does no damage.
The ball python constricts you.
You sock the ball python!
You kill the ball python!
You now have 146 gold pieces (gained 7).
Found a potion of mutation.
Found an escape hatch in the ceiling.
An endoplasm comes into view.
Found 9 gold pieces.
An adder comes into view.
Terence the Incautious comes into view.
He is wielding a +0 falchion and wearing a +1 scale mail of willpower.
You see here a potion of mutation.
h - a potion of mutation The helpless Terence fails to defend himself.
You hit Terence.
Terence is moderately wounded.
Terence misses you. Terence barely misses you.
You hit Terence but do no damage.
Terence is moderately wounded.
Terence closely misses you.
You hit Terence but do no damage.
Terence is moderately wounded.
Terence hits you with a +0 falchion.
You closely miss Terence.
Terence is moderately wounded.
Terence hits you with a +0 falchion.
You closely miss Terence.
Terence is moderately wounded.
Terence hits you with a +0 falchion. x2
Okay, then.
Okay, then.
You sock Terence!
Terence is severely wounded.
Terence hits you with a +0 falchion!
* * * LOW HITPOINT WARNING * * *
Terence attacks as you move away! Terence hits you with a +0 falchion.
You feel threatened and lose the ability to read scrolls!
You die...
Your body crumbles into a pile of gold.

### #.#
#.#....# ##.##
#.# #......#
##...####.#
###...##
#.........#
#####.######
.......####
#.........$#
#.....##
#.#...##...#
##...##
#.#...##...#
##.##
##.#.........J
###
#.@@....#.....
#...<.......#.
#.............#
#.#.#.##......#
.. #.#.. ..S.#.
$ #. #....
...... # # #..
....#. #... ..#


You could see Terence and an adder (asleep).

Vanquished Creatures
  A worm (D:2)
  6 ball pythons
  3 endoplasms (D:1)
  3 giant cockroaches
  4 goblins (D:1)
  3 hobgoblins
  3 jackals (D:1)
  3 bats (D:1)
  3 frilled lizards
  3 kobolds
  4 rats
36 creatures vanquished.

Notes
Turn   | Place    | Note
-------+----------+-------------------------------------------
     0 | D:1      | adizb the Demonspawn Gladiator began the quest for the Orb.
     0 | D:1      | Reached XP level 1. HP: 16/16 MP: 1/1
   179 | D:1      | Gained mutation: You regenerate magic rapidly. [demonic
                  | ancestry]
   179 | D:1      | Reached XP level 2. HP: 17/23 MP: 2/2
   385 | D:1      | Found a faded altar of an unknown god.
   395 | D:1      | Prayed at the altar of an unknown god.
   395 | D:1      | Became a worshipper of Gozag Ym Sagoz the Greedy
   642 | D:2      | Reached XP level 3. HP: 29/29 MP: 4/4
   689 | D:2      | Reached skill level 1 in Spellcasting
   829 | D:2      | Gained mutation: You have a somewhat thin skeletal
                  | structure. (Dex +2, Stealth+) [potion of mutation]
   829 | D:2      | Gained mutation: You occasionally lose the ability to read
                  | scrolls when taking damage. [potion of mutation]
  1174 | D:2      | Noticed Terence
  1182 | D:2      | HP: 1/29 [Terence/+0 falchion (8)]
  1183 | D:2      | Slain by Terence

Illustrated notes

Levels and vault maps discovered:
D:1:      nagdon_arrival_double_spiral, layout_basic,
          hellmonk_ecumenical_altar_inner_sanctum, kennysheep_doodads
D:2:      layout_loops_cross, minmay_misc_feat_nine_boxes, uniq_sigmund,
          uniq_terence

Skill      XL: |  1  2  3 |
---------------+----------+-----
Fighting       | 3 |  3.1
Dodging        | 3 |  3.0
Spellcasting   | 1 |  1.0
Maces & Flails | |  2.6
Throwing       | |  1.7
Shields        | |  0.3

Action                   || total
-------------------------++-------
Melee: Flail             ||   123
  Use: Potion            ||     2
 Stab: Sleeping          ||     2
Armor: Leather armour    ||    29
Dodge: Dodged            ||    85
